 Dungeon Crawl Stone Soup version 0.18.1-5-g4a78601 (webtiles) character file.

2202 Jorlmund the Magician (level 9, -5/54 HPs)
             Began as an Octopode Wizard on May 11, 2016.
             Was an Initiate of Vehumet.
             Shot with an arrow by a centaur (11 damage)
             ... on level 7 of the Dungeon on May 13, 2016.
             The game lasted 00:39:43 (10843 turns).

Jorlmund the Magician (Octopode Wizard)            Turns: 10843, Time: 00:39:44

Health: -5/54      AC:  1    Str:  6    XL:     9   Next: 34%
Magic:  22/29      EV: 14    Int: 22    God:    Vehumet [......]
Gold:   250        SH:  0    Dex: 12    Spells: 3 memorised, 18 levels left

rFire  . . .     SeeInvis .     u - +1 dagger (venom)
rCold  + . .     Gourm    .     (no shield)
rNeg   . . .     Faith    .     a - +0 hat
rPois  .         Spirit   .     (no amulet)
rElec  .         Dismiss  .     (no ring)
rCorr  .         Reflect  .     q - ring of magical power
SustAt .         Harm     .     y - ring of protection from cold
MR     .....                    (no ring)
Stlth  +++.......               (no ring)
                                (no ring)
                                (no ring)
                                (no ring)

@: not resistant to hostile enchantments, fairly stealthy
A: almost no armour, amphibious, 8 rings, constrict 8, camouflage 1, gelatinous
body 1
a: Renounce Religion


You were on level 7 of the Dungeon.
You worshipped Vehumet.
Vehumet was noncommittal.
You were not hungry.

You visited 1 branch of the dungeon, and saw 7 of its levels.
You also visited: Sewer.

You collected 250 gold pieces.

Inventory:

Hand Weapons
 l - a cursed -1 whip
 u - a +1 dagger of venom (weapon)
 A - a +0 mace of venom
Missiles
 x - 6 poisoned needles
Armour
 a - a +0 hat (worn)
 E - a +0 buckler
 F - a +0 cloak
Jewellery
 j - an uncursed ring of teleportation
 q - a ring of magical power (right tentacle)
 y - a ring of protection from cold (on tentacle)
Wands
 h - a wand of confusion (20/48)
 p - a wand of slowing (0/48)
 z - a wand of flame (34/48)
 D - a wand of iceblast (1/15)
 G - a wand of flame (14/48)
 H - a wand of paralysis (13/24)
 K - a wand of confusion (30/48)
 L - a wand of polymorph (13/24)
 O - a wand of flame (0/48)
Scrolls
 d - 2 scrolls of enchant armour
 e - 8 scrolls of identify
 k - 2 scrolls of teleportation
 t - 3 scrolls of remove curse
 w - 2 scrolls of enchant weapon
 B - 2 scrolls of immolation {unknown}
 I - a scroll of torment {unknown}
 J - a scroll of fog {unknown}
 M - a scroll of noise {unknown}
Potions
 f - 11 potions of curing {unknown}
 g - 4 potions of mutation {unknown}
 i - 2 potions of flight {unknown}
 m - 2 potions of agility {unknown}
 n - 4 potions of might {unknown}
 o - a potion of cancellation {unknown}
 r - a potion of cure mutation {unknown}
 s - 2 potions of heal wounds {unknown}
 v - 2 potions of brilliance {unknown}
Books
 b - a book of Minor Magic

   Spells                             Type                      Level
   a - Magic Dart                     Conjuration                  1
   b - Blink                          Translocation                2
   c - Call Imp                       Summoning                    2
   d - Repel Missiles                 Charms/Air                   2
   e - Slow                           Hexes                        2
   f - Conjure Flame                  Conjuration/Fire             3
   g - Mephitic Cloud                 Conjuration/Poison/Air       3
Comestibles
 c - 3 bread rations
 C - 2 meat rations
 N - a beef jerky


   Skills:
 + Level 1.7 Fighting
 + Level 4.5 Dodging
 - Level 2.6 Stealth
 + Level 7.6 Spellcasting
 * Level 5.5 Conjurations
 + Level 5.7 Summonings
 + Level 1.9 Translocations


You had 18 spell levels left.
You knew the following spells:

 Your Spells              Type           Power        Failure   Level  Hunger
a - Magic Dart            Conj           ####         1%          1    None
b - Blink                 Tloc           N/A          8%          2    None
c - Call Imp              Summ           ####....     1%          2    None


Dungeon Overview and Level Annotations

Branches:
Dungeon (7/15)             Temple (0/1) D:7

Altars:
Ashenzari
Gozag
Makhleb
Okawaru
Pakellas
Trog
Vehumet
The Shining One

Annotations:
D:3 Grinder; sergedm's ghost, amateur DECj


Innate Abilities, Weirdness & Mutations

You cannot wear most types of armour.
You are amphibious.
You can wear up to eight rings at the same time.
You can use your tentacles to constrict eight enemies at once.
Your skin changes colour to match your surroundings (Stealth).
Your rubbery body absorbs attacks (AC +1).


Message History

You hit the centaur.
The centaur is poisoned.
The centaur is severely wounded.
The centaur hits you!
* * * LOW HITPOINT WARNING * * *
Unknown command.
Casting: Call Imp
Confirm with . or Enter, or press ? or * to list all spells.
Okay, then.
Casting: Call Imp
Confirm with . or Enter, or press ? or * to list all spells.
You blink.
The centaur wields an uncursed shortbow.
The centaur shoots an arrow.
The arrow hits you!
* * * LOW HITPOINT WARNING * * *
Read which item? (? for menu, Esc to quit)
Okay, then.
Casting: Blink
Confirm with . or Enter, or press ? or * to list all spells.
You blink.
The centaur shoots an arrow.
The arrow hits you!
You die...

#................
#....)...........
#.....(..........
#####....######+#
#....#..#...#
#...5#..#)..' ###
#(...'..#...# #######.#
#(...#..##..#
.......@####.(()#..###'#
..........(c5..)#..##..#
............)...#..#...#
.......#........#..#...#
.......#........#..##..#
.......#..ยง.....#####..#
.......#........'.>#...#
.......#........#..#...#
#........#..#...#


You could see a centaur and a friendly crimson imp.

Vanquished Creatures
  Sigmund (D:4)
  Eustachio (D:5)
  A sky beast (D:6)
  3 ogres
  An orc warrior (D:7)
  Blork the orc (D:6)
  2 giant frogs (D:6)
  A wight (D:5)
  2 howler monkeys
  4 crimson imps
  2 hounds (D:5)
  2 orc wizards (D:6)
  A giant frog skeleton (D:5)
  Natasha (twice) (D:3)
  4 worker ants (D:5)
  3 hound skeletons
  4 adders
  2 worms
  3 dart slugs
  3 giant geckos
  20 orcs
  5 ball pythons
  9 giant cockroaches
  11 goblins
  9 hobgoblins
  12 jackals
  2 quokkas
  12 bats
  A giant gecko zombie (D:6)
  5 giant newts
  2 jackal zombies
  12 kobolds
  12 rats
155 creatures vanquished.

Vanquished Creatures (collateral kills)
  The ghost of zkyp the Chopper, a novice DDGl of Makhleb (D:5)
  Edmund (D:4)
  2 orc warriors (D:6)
  An ice beast (D:6)
  A phantom (D:7)
  3 big kobolds (Sewer)
  A wight (D:6)
  2 crimson imps
  An orc wizard (D:6)
  Natasha (D:3)
  4 gnolls (D:3)
  An adder (D:4)
  A worm (D:2)
  5 orcs
  2 bats
  A goblin (D:3)
  A hobgoblin (D:3)
  2 jackals (D:2)
  12 kobolds
43 creatures vanquished.

Grand Total: 198 creatures vanquished

Notes
Turn   | Place    | Note
--------------------------------------------------------------
     0 | D:1      | Jorlmund the Octopode Wizard began the quest for the Orb.
     0 | D:1      | Reached XP level 1. HP: 11/11 MP: 4/4
   305 | D:1      | Reached XP level 2. HP: 17/17 MP: 1/6
   366 | D:1      | Learned a level 2 spell: Blink
   369 | D:1      | Learned a level 2 spell: Call Imp
  1136 | D:1      | Reached XP level 3. HP: 14/21 MP: 0/8
  2123 | D:2      | Reached skill level 4 in Spellcasting
  2352 | D:2      | Reached XP level 4. HP: 25/27 MP: 5/10
  3357 | D:3      | Noticed Natasha
  3492 | D:3      | Found a bloodstained altar of Trog.
  3498 | D:3      | Found a shattered altar of Ashenzari.
  3537 | D:3      | Reached XP level 5. HP: 30/31 MP: 8/11
  3560 | D:3      | Found an oddly glowing altar of Pakellas.
  3652 | D:3      | Found a faded altar to an unknown god.
  3799 | D:3      | Found a glowing drain.
  3806 | Sewer    | Entered a sewer
  3843 | Sewer    | Noticed a big kobold
  3863 | Sewer    | Killed a big kobold
  4363 | Sewer    | Noticed a big kobold
  4363 | Sewer    | Noticed a big kobold
  4390 | Sewer    | Killed a big kobold
  4390 | Sewer    | Reached XP level 6. HP: 28/37 MP: 13/13
  4413 | Sewer    | Reached skill level 1 in Fighting
  4698 | D:3      | Killed Natasha
  4723 | D:3      | Noticed Natasha
  4747 | D:3      | Killed Natasha
  4942 | D:3      | Noticed Grinder
  4951 | D:3      | Noticed Natasha
  4970 | D:3      | Killed Natasha
  5117 | D:3      | Noticed sergedm's ghost (amateur DECj)
  5596 | D:4      | Noticed Sigmund
  5633 | D:4      | Killed Sigmund
  5633 | D:4      | Reached skill level 5 in Spellcasting
  5633 | D:4      | Reached XP level 7. HP: 42/43 MP: 14/14
  5819 | D:4      | Noticed Edmund
  5851 | D:4      | Killed Edmund
  5994 | D:4      | Found an opulent altar of Gozag.
  6424 | D:5      | Entered Level 5 of the Dungeon
  6508 | D:5      | Noticed zkyp's ghost (novice DDGl)
  6911 | D:5      | Reached skill level 6 in Spellcasting
  6911 | D:5      | Reached XP level 8. HP: 36/48 MP: 17/17
  7198 | D:5      | Killed zkyp's ghost
  7789 | D:6      | Found an iron altar of Okawaru.
  8040 | D:6      | Noticed Blork the orc
  8050 | D:6      | Noticed Eustachio
  8078 | D:6      | HP: 2/48 [Blork the orc/wand of flame (7)]
  8958 | D:5      | Killed Eustachio
  8958 | D:5      | Reached skill level 7 in Spellcasting
  9249 | D:6      | Killed Blork the orc
  9440 | D:6      | Reached skill level 5 in Summonings
  9440 | D:6      | Reached XP level 9. HP: 34/54 MP: 19/19
  9727 | D:6      | Reached skill level 5 in Conjurations
  9774 | D:6      | Found a glowing golden altar of the Shining One.
 10343 | D:7      | Found a burning altar of Makhleb.
 10348 | D:7      | Found a radiant altar of Vehumet.
 10366 | D:7      | Became a worshipper of Vehumet
 10409 | D:7      | Found a staircase to the Ecumenical Temple.
 10843 | D:7      | Shot with an arrow by a centaur

Skill      XL: |  1  2  3  4  5  6  7  8  9 |
---------------+----------------------------+-----
Spellcasting   | 4 5 6 7 |  7.6
Conjurations   | 2 3 4 5 |  5.5
Summonings     | 2 3 5 |  5.7
Fighting       | 1 |  1.7
Dodging        | 3 4 |  4.5
Stealth        | |  2.6
Translocations | |  1.9

Action                   |  1- 3 |  4- 6 |  7- 9 || total
-------------------------+-------+-------+-------++-------
Melee: Unarmed           |    22 |    71 |       ||    93
       Constrict         |     6 |    33 |    33 ||    72
       Tentacles         |     3 |    15 |    22 ||    40
       Dagger            |       |    44 |   145 ||   189
 Cast: Magic Dart        |   103 |    34 |   138 ||   275
       Call Imp          |     4 |    37 |    87 ||   128
       Blink             |       |     1 |    11 ||    12
  Use: Scroll            |     2 |     3 |     1 ||     6
 Stab: Sleeping          |       |     9 |     4 ||    13
       Distracted        |       |     1 |     1 ||     2
  Eat: Chunk             |     4 |    11 |    10 ||    25
       Bread ration      |       |       |     1 ||     1
       Beef jerky        |       |       |     1 ||     1
Armor: Skin              |     1 |    13 |     8 ||    22
Dodge: Dodged            |    21 |   113 |    98 ||   232
